[Event "44th Chess Olympiad Open 2022"]
[Site "Chennai"]
[Date "2022.07.29"]
[Round "1.24"]
[White "Mchedlishvili, Mikheil"]
[Black "Mwale, Joseph"]
[Result "1-0"]
[WhiteElo "2593"]
[BlackElo "2131"]
[Annotator "TA"]
[PlyCount "127"]
[EventDate "2022.??.??"]
[TimeControl "60"]

1. d4 Nf6 2. c4 e6 3. Nc3 Bb4 4. Qc2 c5 5. dxc5 Bxc5 6. Nf3 Nc6 7. Bf4 d5 8. e3 O-O 9. a3 b6 {[%emt 0:11:40] D37:
Queen's Gambit Declined: 5 Bf4.} (9... Qa5 $14) 10. Rd1 Bb7 11. Be2 {[#]} h6 $146 {[%emt 0:12:58] White is slightly better.
} ({Predecessor:} 11... Rc8 12. O-O a5 13. cxd5 exd5 14. Bg5 Ne7 15. Bxf6 gxf6
16. Bd3 Ng6 17. Bf5 Rc7 18. Qa4 Bc6 19. Qg4 Kh8 20. Qh5 Rg8 21. Be4 dxe4 22.
Rxd8 Rxd8 23. Qf5 Be7 24. Nxe4 Rd5 25. Qh3 {1-0 (25) Hracek,Z (2563)-Vorisek,J
(2205) Plzen 2020}) 12. cxd5 exd5 13. O-O Qd7 (13... Bd6 $14) 14. Bg3 Rfd8 15. Bh4 g5 16. Bg3 {
[%emt 0:00:00][%cal Yc3d5] Black must now prevent Nxd5!} Qe6 17. b4 (17. Nb5 $1 $16) 17... Bd6 (17... Bf8
$14) 18. Bxd6 Rxd6 (18... Qxd6 $16 {was
called for.} 19. Nb5 Qe7) 19. Nb5 $18 Rd7 {[%emt 0:00:00]
Prevents Nc7.} 20. Nfd4 Nxd4 21. Nxd4 ({Worse is} 21. Rxd4 Rc8 22. Qb3 a6 $15) 21... Qe5 22. Qb3 Re7 23. Qb2 ({
White should try} 23. f4 $16 gxf4 24. Rxf4) 23... Rc8 24. Kh1
{[%emt 0:09:11] Strongly threatening f4.} g4 25. Bd3 Ne4 26. f3 (26. a4 $14) 26... Nd6 $1
$11 27. Qf2 g3 28. hxg3 Qxe3 29. Qb2 Qe5 30. g4 Qf6 31. Qd2 Rce8 32. Qf2 (32. b5 $5) 32... Qg5 33. Qg3 Rd8 34. Rfe1 Rxe1+ 35. Rxe1 ({Of course
not} 35. Qxe1 h5 $11) 35... Re8 $2 ({Better is} 35... Rc8 $14)
36. Rxe8+ $18 Nxe8 {[%emt 0:00:00] [#]} 37. Nf5 {[%emt 0:00:
00] Against Qe3} (37. Bb5 $1 $18 ) 37... Bc8 $16 38. Qe5 Be6 39. f4 {[%emt 0:00:
00] 0x0.0005eb62b2d4dp-1022s more active pieces.} Qf6 {[%emt 0:00:26] [#]} 40.
Qxf6 $1 Nxf6 41. Nxh6+ {[%emt 0:03:16]
Endgame KBN-KBN} Kf8 (41... Kg7 $16 {keeps fighting.}) 42. g5 $18 Nh5 43. g3 (43. f5 $18) 43... Nxg3+ $16 44. Kg2 Nh5 45. Kf3 Ke7 $2 (45... Bh3 $16 {is a better defense.}
46. Bf5 Bf1) 46. f5 $18 Bd7 (46... Bc8 47.
f6+ Nxf6) 47. f6+ Nxf6 48. gxf6+ Kxf6 49. Kf4 Bc6 50.
Nf5 Be8 51. Nd4 {[%emt 0:00:00] Hoping for
Bb5.} Bd7 52. Bf1 Be8 53.
Bg2 (53. Bb5 $142 Bxb5 54. Nxb5) 53... Ke7 54. Ke5 Kd7 55. Kxd5 {[%emt 0:00:00] aiming
for Bf1.} Kc7 56. Bh3 f6 57.
Ne6+ Kb7 58. Bf1 (58. Kd6
$142 Bg6 59. Bg2+ Kc8 60. Nf4) 58... Bf7 59. Kd6 {[%emt 0:01:
17] Intending Nd8+ and mate.} Bh5 60. Nd4 a5 61. b5 {[%emt 0:00:14] White mates.} Be8 62.
Bg2+ Kb8 63. Nc6+ Kb7 64. Nxa5+ {[%emt 0:00:07] Weighted Error Value: White=0.16 
(very precise) /Black=0.53} (64. Ne7+ $142 Kb8 65. a4 f5 66. Nxf5 Kc8 67. Ne7+
Kd8 68. Nc6+ Kc8 69. Bh3+ Kb7 70. Nd8+ Kb8 71. Bf5) 1-0

[Event "44th Chess Olympiad Open 2022"]
[Site "Chennai"]
[Date "2022.07.29"]
[Round "1.24"]
[White "Pantsulaia, Levan"]
[Black "Nyambalo, Joseph Xavier"]
[Result "1-0"]
[WhiteElo "2581"]
[BlackElo "1981"]
[Annotator "TA"]
[PlyCount "69"]
[EventDate "2022.??.??"]
[TimeControl "60"]

1. Nf3 d5 2. g3 g6 3. c4 dxc4 4. Na3 Bg7 5. Nxc4 Nc6 6. d3 {[%emt 0:
00:00] A09: Réti Opening: 1 Nf3 d5 2 c4.} e5 7.
Bd2 Be6 8. Rc1 {[%emt 0:04:12] The position
is equal.} Nge7 9. Bg2 O-O 10. O-O h6 11. b4 a6 12. a4 {[%emt 0:00:07][%cal Ya2a4,Ya4b5,Yb5b6] [#]} Rb8 $146 ({Predecessor:} 12... Bd5 13. b5 axb5 14. axb5 Nd4 15. Nfxe5
Bxg2 16. Kxg2 Qd5+ 17. e4 Qxb5 18. Rb1 Qa6 {1-0 (30) Praggnanandhaa, R (2608)
-Ivanisevic,I (2585) Chess.com INT 2021}) 13. b5 axb5 14. axb5 Nd4 15. b6 Nxf3+ 16. Bxf3 c6 17. Bb4 Ra8 18.
Bd6 Qd7 19. Bc7 Nc8 {
[%emt 0:04:50] Against Nd6} (19... Nd5 $14) 20. Nxe5 $16 {[%emt 0:00:00] White
is more active.} Bxe5 21. Bxe5 Nxb6 22. Rb1 Nd5 23. Qd2 Kh7 24. Rfc1 Ra4 25. Ra1 Rfa8 26. Rxa4 Rxa4 27. Ba1 $40 {[%emt 0:00:00] Black must
now prevent Qb2. White wants a kill. This bishop pair is nice.} Ra8 (27... Qe7 $142) 28. Qb2 Rg8 {
[%emt 0:00:00] Prevents Qg7+.} 29. Rc4 Ne7 {[%emt 0:00:00] [#]
} (29... Qe7 $16 30. Ra4 Bc8) 30. Ra4 $1 $18 Nc8 31. h4 b6 $2 (31... h5 32. Ra8 Qc7) 32.
h5 ({Not} 32. Ra8 Qb7 $18) 32... c5 33. hxg6+ fxg6 34. Rh4 g5 $2 {[%emt 0:
03:32] [#]} (34... Nd6 $18 35. Qxb6 Nf5) 35. Qf6 $1 {[%emt 0:01:31] Weighted
Error Value: White=0.11 (very precise) / Black=0.49} 1-0

[Event "44th Chess Olympiad Open 2022"]
[Site "Chennai"]
[Date "2022.07.29"]
[Round "1.24"]
[White "Matola Ernest"]
[Black "Gelashvili, Tamaz"]
[Result "0-1"]
[WhiteElo "1964"]
[BlackElo "2549"]
[Annotator "TA"]
[PlyCount "52"]
[EventDate "2022.??.??"]
[TimeControl "60"]

1. Nf3 c5 2.
g3 Nc6 3. Bg2 g6 4. O-O Bg7 5. d3 d6 6. e4 Nf6 7. Nbd2 O-O 8. Re1 Rb8 9. c3 Nd7 {[%emt 0:00:20] A05: Réti Opening: 1 Nf3 Nf6.} 10. Qc2 b5 11. Nf1 b4 {[%emt 0:00:31]
Black is slightly better.} 12. Bf4 bxc3 13.
bxc3 Qa5 14. Bd2 {[%emt 0:01:33] [#]} Qa3
$146 ({Predecessor:} 14... Ba6 15. c4 Nb4 16. Qd1 Qc7 17. Bxb4
Bxa1 18. Bxc5 Nxc5 19. Qxa1 {0-1 (19) Hausmann,H (1624)-McCabe,P (1840) IECG
email 2007}) 15. Reb1 {[%emt 0:01:51] Prevents Rb2.} Ba6 16.
Ne1 Nde5 17. f4 $2 {[%emt 0:00:43] [#]} (17.
Ne3 $11) 17... Nxd3 $1 $19 18. Rxb8 (18. Nxd3
{[#]} Nd4 $3 19. cxd4 Bxd3) (18. e5 {was necessary.} Nxe1 19. Rxe1) 18... Rxb8 19. Nxd3 {[%emt 0:00:25] [#]} (19. e5
{was the only defense.} Rb2 20. Qd1) 19... Nd4 $3 {[%emt 0:00:08] Pin,
Deflection} 20. Qd1 (20. Rb1 Nxc2) 20... Bxd3 {[%emt 0:00:25]
Black is clearly winning.} 21. cxd4 (21. Kh1 $142 Ne2 22. Ne3)
21... Bxd4+ 22. Kh1 Bxa1 23.
Qxa1 Rb1 24. Qc3 Qxc3 25. Bxc3 Bxf1 26. Bxf1 Rxf1+ {[%emt 0:00:05] Weighted Error Value: White=1.03/Black=0.
16 (very precise) . Loss on time!?} 0-1

[Event "44th Chess Olympiad Open 2022"]
[Site "Chennai"]
[Date "2022.07.29"]
[Round "1.24"]
[White "Chiwambo Stansford"]
[Black "Paichadze, Luka"]
[Result "0-1"]
[WhiteElo "1913"]
[BlackElo "2561"]
[Annotator "TA"]
[PlyCount "106"]
[EventDate "2022.??.??"]
[TimeControl "60"]

1. c4 e5 2. Nc3 Nf6 3. g3 c6 4. Nf3 e4 5. Nd4 Qb6 6. Nc2 {[%emt 0:01:24] A23:
English Opening: 1...e5 2 Nc3 Nf6 3 g3 c6.} d5 7. Bg2 Bc5 $5 {[%emt 0:16:44] Leaves trodden paths.} 8. O-O {[%emt 0:
06:51] [#] White has an edge.} dxc4 $146 (8... Bxf2+ $2 9.
Rxf2 Ng4 10. Qf1 $18) ({Predecessor:} 8... O-O 9. Na4 Qa5 10. Nxc5 Qxc5 11. b3
Re8 12. cxd5 Qxd5 13. Bb2 Nbd7 14. d3 Qh5 15. dxe4 Nxe4 {½-½ (49) Plater,
K-Balcerowski,W Glucholazy 1963}) 9. Nxe4 (9. Na4 $5 Qb5 10. Nxc5 Qxc5 11. b3 $14) 9... Nxe4 10. Bxe4 Bh3 11. Bg2 Bxg2 12. Kxg2 O-O $1 13. d4 cxd3 $1 14. Qxd3 Rd8 15. Qc3 Nd7 (15... Be7 {is superior.}) 16. b4 ({White should try} 16. Bg5 $11) 16... Be7 {[%emt 0:02:59]
Hoping for ...Bf6.} 17. Be3 Qb5 18. Bd4 Nf6 (18... Qxe2
$2 19. Rfe1 Bxb4 20. Nxb4 $18 (20. Rxe2 Bxc3 21. Bxc3 Nb6 $18)) 19. a4 Qh5 {[%emt 0:05:23] Threatening ...a5.} (19... Qxe2 20. Rfe1
Qg4 21. Rxe7 $11) 20. f3 Nd5 21. Qb2 Qg6 (21... Rd6 {looks sharper.} 22. Rad1 Rh6
23. Rh1 Re6) 22. Kh1 (22. Rad1 {feels hotter.} Nf4+ 23. Kf2
Ne6 24. Bc3) 22... Nc7 23. e4 Ne6 24. Bc3 Rd3 25. Rad1 Rad8 26. Rxd3 Rxd3 27. Ne1 Rd1 28. Qe2 (28. Qc2 $5 Rd8 29. Ng2 $11) 28... Rd8 29. Nc2 Bf6 30. e5 (
30. Be1 $11) 30... Qd3 $17 31. Qxd3 Rxd3 32. Ba1 Be7 33. f4 g6 (33... Nc7 $17 34. Bd4 a6) 34. Rb1 (34. Kg2 $1 $15) 34... h5 35. Ne1 Ra3 {
[%emt 0:00:54] Black is more active.} 36. a5 {[%emt 0:00:21] [#]} h4 ({But not} 36... Bxb4 37. Nc2 Rxa5 38. Rxb4 $11) (36... c5 $1 $19 37. bxc5 Rxa5) 37. Kg2 {[%emt 0:00:18] [#]} (37. Nc2 $17 {
was called for.} Ra2 38. Rb2) 37... h3+ $1 $19 38. Kxh3 Nxf4+ $1 39. Kg4 Nd5 40. Bd4 Nxb4 ({Inferior is} 
40... Bxb4 41. Nc2 Ra4 42. Nxb4 Nxb4 43. Kf3 $15) 41. Bxa7 Rxa5 42. Bb8 Ra4 43. Kf3 Kf8 44. h4 b5 45. g4 (45. Bd6 $142) 45... Nd5 46. Ng2 $2 (46. Bd6) 46... Ra3+ {[%emt 0:00:00] Black
is clearly winning.} 47. Kf2 Bc5+ 48. Kf1 Rf3+ 49. Ke1 b4 {[%emt 0:02:
01] Threatens to win with ...Rh3.} 50. Bd6+ Bxd6 51. exd6 Ke8 52. Ke2 Rg3 53. Re1 {[%emt 0:00:00] Black must now
prevent Kf2+.} Kd7 {[%emt 0:00:00] Weighted Error Value: White=0.35/Black=0.10
(very precise)} ({Weaker is} 53... Rxg2+ 54. Kf3+ Kd7 55. Kxg2 $11) 0-1

[Event "44th Chess Olympiad Open 2022"]
[Site "Chennai"]
[Date "2022.07.29"]
[Round "1.25"]
[White "Banikas, Hristos"]
[Black "Germinal, Kemly"]
[Result "1-0"]
[WhiteElo "2598"]
[BlackElo "1997"]
[Annotator "TA"]
[PlyCount "65"]
[EventDate "2022.??.??"]
[TimeControl "60"]

1. d4 Nf6 2. c4 e6 3. Nf3 c5 4. d5 exd5 5. cxd5 d6 6. e4 g6 7. Nfd2 Bg7 8. Be2 O-O 9. O-O Re8 10. Nc3 Na6 11. Re1 Nc7 12. h3 {[%emt 0:15:54] A78:
Modern Benoni: Classical: 9...Re8 10 Nd2 Na6.} b6 13. a4 Rb8 14. Qc2 {[%emt 0:10:22] White is slightly
better.} (14. Bb5 $5 ) 14... a6 15. Rb1 (15. Nf3 $11) 15... b5 $1 $15 16. axb5 axb5 {[%emt 0:00:14] aiming for ... b4.} 17. b4 {
[%emt 0:00:04][%cal Yb2b4,Yb4c5,Yc5c6] [#]} Bd7 $146 (17...
Ncxd5 {looks sharper.} 18. Nxd5 Nxd5 19. exd5 Bf5) ({Predecessor:} 17... Ncxd5
18. Nxd5 Nxd5 19. exd5 Bf5 20. Qd1 Bxb1 21. Nxb1 cxb4 22. Be3 Qa5 23. Nd2 Qa4 {
1-0 (53) Koch,T (2489)-Berelowitsch,A (2522) Germany 2018}) 18. bxc5 {[%emt 0:
07:01] [#] c6 is the strong threat.} b4 19. Nd1 $36 {[%emt 0:
04:28] Threatens to win with c6. White has the initiative.} Ncxd5 20. c6 $16 (20. exd5 Bf5 21. Qb3 Bxb1 $14) (20. cxd6 $6
Nc3 21. Nxc3 bxc3 22. Qxc3 Nxe4 $11) 20... Qc7 21. exd5 Bf5 $2 {[%emt 0:00:22] [#] This costs Black the game.} (21...
Nxd5 $16 22. Nf3 Qxc6 23. Qxc6 Bxc6) 22. Qb3 $18 {[%emt 0:00:06] And now Rb2
would win.} Bxb1 23. Nxb1 ({Not} 23. Qxb1
Nxd5 24. Ne3 (24. Qc2 Nc3 $17) 24... Nxe3 25. fxe3 Qxc6 $15) 23... Ne4 24. Be3 Qa5 25. Nd2 Nc3 (25... Nc5 {was worth a try.} 26. Qb1 b3) 26. Bf3 Qa3 27. Qc4 Nxd1 28. Rxd1 ({Much less strong is} 28. Bxd1 Qc3 29. Re2
Ra8 $18) 28... Rxe3 29. fxe3 Qxe3+ 30. Kh1 Be5 31. Qe4 Qf2 (31... Qc5 $142 32. Qh4 Re8) 32. Nc4 f5 33. Qe2 {[%emt 0:00:00] Weighted Error Value: White=0.18 (very
precise) /Black=0.45} 1-0

[Event "44th Chess Olympiad Open 2022"]
[Site "Chennai"]
[Date "2022.07.29"]
[Round "1.25"]
[White "Theodorou, Nikolas"]
[Black "Guillaume, Jude Mirvens"]
[Result "1-0"]
[WhiteElo "2575"]
[BlackElo "2022"]
[Annotator "TA"]
[PlyCount "69"]
[EventDate "2022.??.??"]
[TimeControl "60"]

1. d4 d5 2. Nf3 e6 3. c4 Nf6 4. g3 c5 5. cxd5 Nxd5 6. Bg2 Nc6 7. O-O Be7 8. dxc5 Bxc5 9. a3 a6 {[%emt 0:03:01]
E06: Closed Catalan: Early deviations.} 10. b4 Be7 {[%emt 0:
00:00] [#]} 11. Bb2 $146 ({Predecessor:} 11. e4 Nf6 12. e5 Nd5
13. Bb2 O-O 14. Qe2 Re8 15. Rd1 Bf8 16. Nbd2 b5 17. Ne4 {1-0 (33) Arbynova,A 
(1827)-Turetsky,M (1520) St Petersburg 2018}) 11... O-O {[%emt 0:00:25] White
is slightly better.} 12. Nc3 Nf6 13. Rc1 Qxd1 14. Rfxd1 Rb8 {[%emt 0:
00:00] [#]} (14... Bd7 $16) 15. Na4 $1 $18 Rd8 16. Rxd8+ Bxd8 17. Ne5 Ne7 18. Nc4 {[%emt 0:11:07] Be5 is
the strong threat.} b5 $2 (18... Nd7 {was necessary.}) 19. Be5 Rb7 20. Bxb7 Bxb7 21. Bxf6 gxf6 22. Nc5 Bd5 23. Ne3 Bc6 24. Nxa6 Bb6 25. Nc5 Kg7 26. f4 Kg6 27. Kf2 f5 28. Nc2 {[%emt 0:01:14] White is clearly winning.} Nd5 29. Nd4 Be8 30. e3 Nf6 31. Ke2 Nd5 32.
Nd3 f6 33. Nc5 e5 34. fxe5 fxe5 {[%emt 0:00:03] [#]} 35. Nxf5 $1 {
[%emt 0:00:21] Black got outplayed after the opening. Weighted Error Value:
White=0.06 (flawless) /Black=0.42} 1-0

[Event "44th Chess Olympiad Open 2022"]
[Site "Chennai"]
[Date "2022.07.29"]
[Round "1.25"]
[White "Jean Louis, Marckens"]
[Black "Mastrovasilis, Dimitrios"]
[Result "0-1"]
[WhiteElo "2050"]
[BlackElo "2599"]
[Annotator "TA"]
[PlyCount "66"]
[EventDate "2022.??.??"]
[TimeControl "60"]

1. e4 c5 2. Nf3 e6 3. Nc3 a6 4. Be2 b5 5. d4 cxd4 6. Nxd4
Bb7 7. Bf3 Nc6 {[%emt 0:02:54] B43: Sicilian:
Kan Variation: 5 Nc3.} 8. Nxc6 Bxc6 {[%emt 0:03:25] [#]} 9.
Qd4 $146 ({Predecessor:} 9. O-O Qb8 10. a4 b4 11. Ne2 Bd6 12.
h3 Ne7 13. Nd4 Bb7 14. Bd2 O-O 15. Qe1 {½-½ (41) Riff,J (2474)-Fedorov,A 
(2620) Kemer 2007}) 9... Ne7 {[%emt 0:18:07] The position is equal.} 10. Bg5 f6 11. Bh5+ Ng6 12. Bh4 (12. Be3 $11 {keeps the balance.})
12... Qe7 13. f4 Qc5 {[%emt 0:00:
00] Inhibits f5.} 14. Qxc5 Bxc5 15. Bf2 {
[%emt 0:02:04] [#]} Bxf2+ 16. Kxf2 b4 $36 {
[%emt 0:02:00] White is under strong pressure.} (16... Ke7 {seems wilder.} 17.
Ke3 f5 18. Bf3 Nh4) 17. Nd5 exd5 $17 18. exd5 Bxd5 19. f5 Rc8 20. Rhe1+ {[%emt 0:03:07] [#]} (20. Rac1 $17) 20... Kd8 $1 $19 21. fxg6 Rxc2+ 22. Re2 Rxe2+ 23. Bxe2 hxg6 24.
Bxa6 Rxh2 {[%emt 0:01:14] Endgame KRB-KRB} 25. Bf1 Rh1 {Threatens to win with ...Bc4.} 26. b3 Bc6 {
[%emt 0:02:23] Strongly threatening ...Bb5.} 27. Re1 Rh5 28. Bd3 Ra5 29. Bb1 f5 30. Re2 Rd5 31.
Ke1 Rd4 {[%emt 0:00:31] ...Rg4 is the strong threat.} 32. Bc2
$2 (32. Kf2 {is a better defense.}) 32... Rg4 33. Kf1 Bb5 {[%emt 0:00:00] White did not feel at home in the
position after the opening. Weighted Error Value: White=0.46/Black=0.07 
(flawless)} 0-1

[Event "44th Chess Olympiad Open 2022"]
[Site "Chennai"]
[Date "2022.07.29"]
[Round "1.25"]
[White "Etienne, Angelo"]
[Black "Mastrovasilis, Athanasios"]
[Result "0-1"]
[WhiteElo "2036"]
[BlackElo "2527"]
[Annotator "RC"]
[PlyCount "74"]
[EventDate "2022.??.??"]
[TimeControl "60"]

1. Nf3 d5 2. c4 e6 3. g3 dxc4 4. Bg2 a6 5. O-O Nf6 6. Qc2 b5 7. Ne5 Nd5 8. d3 cxd3 9. Nxd3 Bb7 10. Rd1 Nd7 11. a3 Qc8 12. Bh3 c5 13. Nc3 Nxc3 14. Qxc3 Qc6 15. f3 h5 16. Bg5 c4 17. Nf2 f6 18. Qc2 fxg5 19. Qg6+ Ke7 20. Ne4 Rh6 21. Qxg5+ Ke8 22. Qf4 Qb6+ 23. Kh1 Bxe4 24. Qxe4 Rd8 25. Bf5 Kf7 26. Bh3 Nc5 27. Qf4+ Kg8 28. Qg5 Re8 29. Qe5 Qb8 30. Qg5 Be7 31. Qe3 h4 32. Kg2 hxg3 33. hxg3 Kf7 34. Rd4 Bf6 35. Rf4 Qd6 36. Rh1 Reh8 37. Qc1 Qe5 0-1

[Event "44th Chess Olympiad Open 2022"]
[Site "Chennai"]
[Date "2022.07.29"]
[Round "1.26"]
[White "Vocaturo, Daniele"]
[Black "Gajadin, Dewperkash"]
[Result "1-0"]
[WhiteElo "2616"]
[BlackElo "1990"]
[Annotator "TA"]
[PlyCount "55"]
[EventDate "2022.??.??"]
[TimeControl "60"]

1. e4 e5 2. Nf3 Nc6 3. Bc4 Nf6 4. d3 Be7 5. O-O O-O 6. Nc3 d6 7. a4 {[%emt 0:11:02] 7.a3 is
the recent fashion. C55: Two Knights: 4 d3, 4 d4 exd4 5 e5 and Max Lange
Attack.} Be6 8. Nd5 Bxd5 9.
exd5 {[%emt 0:00:00] The position is equal.} Nb4 10. d4 e4 11. Nd2 {[%emt 0:00:00][%cal Yf3d2,Yd2e4,
Ye4g3,Yg3f5,Yf5h6] [#]} Qd7 $146 (11... c6 $11) ({Predecessor:
} 11... Nbxd5 12. Nxe4 c6 13. Ng3 g6 14. Re1 Re8 15. Qf3 Nb6 16. Bd3 d5 17. a5
Nbd7 {0-1 (29) Gabrielian,A (2464)-Sadhwani,R (2616) Chess.com INT 2022}) 12.
c3 $14 Nbxd5 {[%emt 0:04:19] [#]} 13. Nxe4 $1 Rae8 (13... c6 14. Ng3) 14. Ng3 Nb6 15. Bd3 d5 16. Nf5 Bd8 17. Qf3 {[%emt 0:00:00][%cal Yc1h6] White is more active.}
Ne4 $2 {[%emt 0:03:19] This costs Black the game.} (17... Kh8 $1 $14) 18. a5
$18 ({Not} 18. Qg4 g6 $16) 18... g6 19. Nh6+ Kg7 20. axb6 {
[%emt 0:00:00] White is clearly winning.} f5 (20... axb6 $142
21. Ng4 h5) 21. bxa7 Bg5 22. Bxg5 Nxg5 {[%emt 0:03:36] [#]} 23. Qg3 $1 Ne4 (23... Kxh6 24. Qh4+) 24. Bxe4 dxe4 25.
Qg5 Ra8 26. Ra5 b6 27. Re5 Rf6 {[%emt 0:00:20]
[#]} 28. Re7+ $3 {[%emt 0:00:00] Weighted Error Value: White=0.03 (flawless) /
Black=0.47} 1-0

[Event "44th Chess Olympiad Open 2022"]
[Site "Chennai"]
[Date "2022.07.29"]
[Round "1.26"]
[White "Sonis, Francesco"]
[Black "Sanches, Casanova Romario"]
[Result "1-0"]
[WhiteElo "2543"]
[BlackElo "2066"]
[Annotator "TA"]
[PlyCount "117"]
[EventDate "2022.??.??"]
[TimeControl "60"]

1. d4 Nf6 2. c4 e6 3. Nf3 d5 4. g3 Be7 5. Bg2 O-O 6. O-O c6 7. Nc3 Nbd7 8. Nd2 e5 {[%emt 0:10:07] E07: Closed Catalan: Main Line (5 Nf3 0-0 6 0-0
Nbd7).} (8... b5 $5) 9. dxe5 Nxe5 10. cxd5 cxd5 {[%emt 0:05:46] White is slightly better.} 11. Nb3 Be6 12. Nd4 Nc6 13. Nxe6 fxe6 14. Bh3 {
[%emt 0:00:05] [#]} e5 $146 {[%emt 0:13:51] White stays focused until the end.}
({Better is} 14... Qd6 $14) ({Predecessor:} 14... Qd7 15. Bf4 Nh5 16. Bc1 Nf6
17. Qd3 Rae8 18. b3 Bc5 19. Bb2 Qf7 20. Qc2 Nd7 21. Kg2 Nb4 {1-0 (87) Bodrogi,
M (2063)-Toth Katona,T (1846) Hungary 2013}) 15. Be6+ $16 Kh8 16. Bxd5 ({Don't play} 16. Nxd5 Qd6 17. Nxe7
Qxe7 $14) 16... Nxd5 17. Qxd5 ({But not} 17.
Nxd5 Bc5) 17... Qb6 18. Rb1 Rad8 19. Be3 Rxd5 20. Bxb6 Rd7 21. Be3 Nd4 22. Rfd1 Rfd8 23. Kf1 a6 24. Bxd4 Rxd4 25. Rxd4 Rxd4 $18 {[%emt 0:00:50] Endgame KRB-KRN} 26. e3 Rd7 27. Ke2 Kg8 28. Ne4 Kf7 29. Rc1 {[%emt 0:00:11] Inhibits Rc7.} h6 30. Rc8 Ke6 31. f3 Kf7 32. h4 Ke6 33. h5 Kf7 34. g4 Ke6 35. a3 Kf7 36. Rc3 Ke6 37. Rc2 Kf7 38. Rc4 Ke6 39.
a4 Kf7 40. b3 Ke6 41. Nc3 Bg5 42. Nd1 Bf6 43. Nf2 Be7 44. Nd3 Kf6 (44... Bd6 {was called for.} 45. Nc5+ Bxc5
) 45. Kd2 Bd6 46. Kc2 Be7 (46... Ke6 $16 47. Kd2 Rf7) 47. Rc8 Bd6 48. Kc3 Be7 $2 (48... Kg5 {
is a better defense.} 49. Nc5 Bxc5 50. Rxc5 Kf6) 49. b4 Bd6 50. Kc4 e4 51. fxe4 {[%emt 0:
00:00][%cal Yf3e4,Ye4e5,Ye5e6] [#] Hoping for e5+!} Kg5 $2 (
51... Re7 52. Rf8+ Ke6) 52. e5 Rc7+ 53. Rxc7 Bxc7 {[%emt 0:00:00] KB-KN} 54. e6 {[%emt 0:00:00] aiming for
e7.} Bd6 55. Nc5 {[%emt 0:00:00] [#] Ne4+ is the strong
threat.} Kxg4 56. Nxb7 Be7 57. b5 axb5+ 58. Kxb5 Kxh5 59. a5 {[%emt 0:00:00] Weighted Error Value: White=0.09 
(flawless) /Black=0.37} 1-0

[Event "44th Chess Olympiad Open 2022"]
[Site "Chennai"]
[Date "2022.07.29"]
[Round "1.26"]
[White "Giasi, Viresh"]
[Black "Lodici, Lorenzo"]
[Result "0-1"]
[WhiteElo "2006"]
[BlackElo "2553"]
[Annotator "TA"]
[PlyCount "92"]
[EventDate "2022.??.??"]
[TimeControl "60"]

1. e4 c5 2. Nf3 Nc6 3. Nc3 g6 4. Rb1 Bg7 5. Be2 {[%emt 0:
00:00] [#]} Nf6 $146 ({Predecessor:} 5... e6 6. O-O Nge7 7.
Nb5 d6 8. c3 a6 9. Na3 O-O 10. d3 b5 11. Nc2 Qc7 12. Be3 {0-1 (42) De Macedo,L
(1776)-Chellappa,T (2034) Natal 2011}) 6. a3 {[%emt 0:00:30] B30: Sicilian: 2..
.Nc6 3 Bb5, lines without ...g6.} d5 7. d3 d4 8. Na2 {[%emt 0:00:30] Black is slightly
better.} O-O 9. Bd2 b5 10.
O-O e5 11. b3 Qd6 12. Ne1 Nd7 13. b4 a6 ({Black should play} 13... Qe6 $17 14. c4
bxc4 15. dxc4 f5) 14. bxc5 (14. c4 $15) 14... Nxc5 $17 ({Inferior is} 14... Qxc5 15. Nb4 $15) 15. Nb4 Na4 16. Nxc6 Qxc6 17. Bb4 Re8 18. Qd2 $2 {[%emt 0:00:00] [#]} (18. Bg4
$17) 18... Be6 (18... a5 $1 $19 19. Bxa5 {[#]}
Rxa5 $1 20. Qxa5 Nc3) 19. Bf3 Rec8 {[%emt 0:00:00] 0x0.
0013b9c8bb24dp-1022s more active pieces. The white rooks are badly placed.} 20.
g3 (20. Ra1 $17 {keeps fighting.}) 20... Nc3 $19 21. Bxc3 Qxc3 ({Stronger than} 21...
dxc3 22. Qg5 $17) 22. Qxc3 Rxc3 23. Ra1 a5 24. Bg2 a4 25. f4 f6 26. Rf2 Rac8 27. h4 Bf8 28. fxe5 fxe5 29. Nf3 Bxa3 30. Rb1 {[%emt 0:00:00] Prevents Bb2.} (30. Ng5 {is a
better defense.} Re8 31. Nxe6 Rxe6 32. Bh3) 30... b4 {[%emt 0:00:56] Black is
clearly winning.} 31. Nxe5 (31. Ng5 $142 Rxc2 32. Nxe6) 31...
Rxc2 32. Rf6 Rc1+ 33. Rxc1 Rxc1+ 34. Kh2 {[%emt 0:00:00] [#]} b3 $1 {
[%emt 0:00:07] Strongly threatening ...b2.} 35. Rxe6 b2 36. Rb6 b1=Q 37. Rxb1 Rxb1 {[%emt 0:00:00] Endgame KRB-KBN} 38. Nc6 Bc5 39. e5 a3 {[%emt 0:00:08] aiming for ...
Rb2.} 40. Kh3 Rb2 {[%emt 0:00:27][%cal Yb2g2] And now ...
Rxg2! would win.} 41. Bd5+ Kf8 42. Nd8 Bb6 43. Ne6+ Ke8 {[%emt 0:00:
19] ...a2 is the strong threat.} 44. Ng5 a2 45. Bxa2 Rxa2 46. Nxh7 Bd8 {
[%emt 0:00:07] Weighted Error Value: White=0.86/Black=0.24 (precise)} 0-1